 Dungeon Crawl Stone Soup version 0.21-a0-531-gacddea6 (webtiles) character file.

1460 AverageBear the Ducker (level 8, 0/45 HPs)
             Began as a Deep Elf Fighter on Dec 12, 2017.
             Was an Initiate of Ashenzari.
             Slain by an ogre
             ... wielding a +0 giant club
              (16 damage)
             ... on level 5 of the Dungeon.
             The game lasted 00:06:06 (6109 turns).

AverageBear the Ducker (Deep Elf Fighter)           Turns: 6109, Time: 00:06:06

Health: 0/45       AC: 11    Str: 17    XL:     8   Next: 48%
Magic:  10/10      EV: 13    Int: 14    God:    Ashenzari [......]
Gold:   251        SH: 10    Dex: 16    Spells: 7/7 levels left

rFire    . . .     SeeInvis .   a - +2 rapier
rCold    + . .     Gourm    .   c - +0 shield
rNeg     . . .     Faith    .   y - +1 ring mail {rC+}
rPois    +         Spirit   .   (no helmet)
rElec    .         Reflect  .   p - +0 cloak
rCorr    .         Harm     .   (no gloves)
MR       +....                  n - +0 pair of boots
Stlth    +.........             (no amulet)
HPRegen  0.15/turn              e - ring of protection from magic
MPRegen  0.12/turn              u - ring of poison resistance

@: no status effects
A: molten scales 1, agile 1, strong 1
a: Curse Item, Renounce Religion


You were on level 5 of the Dungeon.
You worshipped Ashenzari.
Ashenzari was noncommittal.
You were not hungry.

You visited 2 branches of the dungeon, and saw 7 of its levels.

You collected 251 gold pieces.

Inventory:

Hand Weapons
 a - a +2 rapier (weapon)
 l - a +0 short sword of flaming
Armour
 b - a +0 scale mail
 c - a +0 shield (worn)
 m - a +0 pair of boots
 n - a +0 pair of boots (worn)
 p - a +0 cloak (worn)
 y - a +1 ring mail of cold resistance (worn)
 A - the +1 robe of Uskayaw {rN+ Stlth+}
   (You found it on level 4 of the Dungeon)

   It protects you from negative energy.
   It makes you more stealthy.
Jewellery
 e - a ring of protection from magic (left hand)
 u - a ring of poison resistance (right hand)
 x - an uncursed amulet of harm
 C - a cursed ring of stealth
Scrolls
 h - a scroll of enchant armour {unknown}
 k - a scroll of immolation
 v - 2 scrolls of teleportation
 w - 2 scrolls of amnesia
 B - a scroll of remove curse
Potions
 d - 2 potions of might
 i - 3 potions of heal wounds
 o - a potion of cancellation
 q - 2 potions of lignification {unknown}
 s - a potion of agility
 z - a potion of resistance {unknown}
 D - 2 potions of haste {unknown}
 E - a potion of degeneration {unknown}
Comestibles
 f - 6 bread rations
 g - 7 chunks of flesh
 j - 4 meat rations
 r - 5 fruits
 t - 2 royal jellies


   Skills:
 - Level 2.4 Fighting
 - Level 5.3 Short Blades
 - Level 4.4 Armour
 - Level 7.1 Dodging
 + Level 5.0 Shields


You had 7 spell levels left.
You didn't know any spells.

Dungeon Overview and Level Annotations

Branches:
Dungeon (6/15)             Temple (1/1) D:5

Altars:
Ashenzari
Cheibriados
Dithmenos
Elyvilon
Fedhas
Gozag
Hepliaklqana
Kikubaaqudgha
Makhleb
Nemelex Xobeh
Okawaru
Qazlal
Ru
Sif Muna
Trog
Uskayaw
Vehumet
Wu Jian
Xom
Yredelemnul
Zin
The Shining One


Innate Abilities, Weirdness & Mutations

You are partially covered in molten scales. (AC +2)
You are agile. (Dex +2)
Your muscles are strong. (Str +2)


Message History

You butcher the bullfrog corpse.
g - 7 chunks of flesh (gained 1)
You see here a bullfrog skeleton. x2
An ogre comes into view. It is wielding a giant club.
The ogre shouts!
The ogre hits you with a giant club.
An ogre is nearby!
You hit the ogre but do no damage. The ogre hits you with a giant club!!
An ogre is nearby!
You are too injured to fight recklessly!
An ogre is nearby!
You are too injured to fight recklessly!
Unknown command.
There is a stone staircase leading up here.
You climb upwards.
There is a stone staircase leading down here.
You hit the ogre.
The ogre is lightly wounded.
The ogre hits you with a giant club!
You die...

#.................###
#.........#.##.#.....
#...........##.#...##
#..........###.#.....
#..........#...#....#
#..........+...+.....
#.........>#...#.....
#..........#...#)#..#
#...@O.....#........#
#..........#........#
##'#######.####......
#.# #...............
### #.########.#.#..
#.# #........#.. #.#
#........... #.#
#.......#.#. #.#
#......#.#.#


You could see an ogre.

Vanquished Creatures
  Duvessa (D:5)
  4 ogres
  A phantom (D:4)
  A bullfrog (D:6)
  A water moccasin zombie (D:5)
  Dowan (D:5)
  2 scorpions
  A howler monkey (D:5)
  4 crimson imps
  A centaur zombie (D:6)
  3 hounds (D:4)
  A bullfrog skeleton (D:5)
  A centaur skeleton (D:3)
  An iguana (D:5)
  2 worker ants
  A hound zombie (D:6)
  A hound skeleton (D:3)
  2 worker ant zombies (D:3)
  5 adders
  An ooze (D:4)
  3 adder zombies
  An adder skeleton (D:3)
  3 worms
  3 dart slugs
  3 leopard geckos
  4 orcs (D:3)
  9 bats
  7 giant cockroaches
  10 goblins
  8 hobgoblins
  3 jackals (D:5)
  6 kobolds
  A quokka (D:2)
  3 ball pythons
  5 frilled lizards
  A giant cockroach zombie (D:3)
  A jackal zombie (D:4)
  A quokka skeleton (D:5)
  5 rats
112 creatures vanquished.

Notes
Turn   | Place    | Note
-------+----------+-------------------------------------------
     0 | D:1      | AverageBear the Deep Elf Fighter began the quest for the Orb.
     0 | D:1      | Reached XP level 1. HP: 13/13 MP: 3/3
   176 | D:1      | Reached XP level 2. HP: 18/18 MP: 4/4
   613 | D:2      | Reached XP level 3. HP: 18/22 MP: 5/5
  1144 | D:2      | Reached XP level 4. HP: 17/27 MP: 6/6
  1686 | D:3      | Reached skill level 5 in Short Blades
  2080 | D:3      | Reached XP level 5. HP: 26/31 MP: 7/7
  2103 | D:3      | Reached skill level 1 in Dodging
  2489 | D:3      | Reached skill level 2 in Dodging
  2782 | D:4      | Noticed a phantom
  2857 | D:4      | Killed a phantom
  2857 | D:4      | Reached skill level 4 in Dodging
  2857 | D:4      | Reached XP level 6. HP: 15/36 MP: 8/8
  3345 | D:4      | Reached skill level 5 in Dodging
  3892 | D:4      | Got a steaming robe
  3903 | D:4      | Identified the +1 robe of Uskayaw {rN+ Stlth+} (You found it on level 4 of the Dungeon)
  3924 | D:5      | Entered Level 5 of the Dungeon
  3966 | D:5      | Noticed Duvessa
  3967 | D:5      | Noticed Dowan
  3992 | D:5      | Killed Duvessa
  3992 | D:5      | Reached skill level 6 in Dodging
  3992 | D:5      | Reached XP level 7. HP: 16/40 MP: 9/9
  3998 | D:5      | HP: 2/40 [Dowan/shard of ice (15)]
  3999 | D:5      | Killed Dowan
  3999 | D:5      | Reached skill level 7 in Dodging
  4964 | D:5      | Found a staircase to the Ecumenical Temple.
  4976 | Temple   | Entered the Ecumenical Temple
  5234 | Temple   | Became a worshipper of Ashenzari the Shackled
  5310 | D:5      | Reached XP level 8. HP: 14/45 MP: 10/10
  5590 | D:5      | Gained mutation: You occasionally shout uncontrollably at your foes. [potion of mutation]
  5590 | D:5      | Gained mutation: You possess an exceptional clarity of mind. [potion of mutation]
  5789 | D:6      | Found a shadowy altar of Dithmenos.
  5838 | D:6      | Lost mutation: You occasionally shout uncontrollably at your foes. [potion of mutation]
  5838 | D:6      | Lost mutation: You possess an exceptional clarity of mind. [potion of mutation]
  5838 | D:6      | Gained mutation: You are partially covered in molten scales. (AC +2) [potion of mutation]
  5838 | D:6      | Gained mutation: Your muscles are strong. (Str +2) [potion of mutation]
  5838 | D:6      | Gained mutation: You are agile. (Dex +2) [potion of mutation]
  6085 | D:6      | Reached skill level 5 in Shields
  6109 | D:5      | Slain by an ogre

Vault maps used:
D:1:      lightli_arrival_isolated_outpost
D:2:      first_bread, minmay_misc_feat_chi
D:3:      serial_undead, serial_undead_f, serial_undead_a, serial_undead_f,
          serial_undead_d
D:5:      minmay_temple_entry_grid, uniq_duvessa
D:6:      lemuel_crystal_altar, serial_shops, nicolae_shop_trees, uniq_sigmund
Temple:   nicolae_temple_the_god_donut

Skill      XL: |  1  2  3  4  5  6  7  8 |
---------------+-------------------------+-----
Short Blades   | 3 4 5 |  5.3
Dodging        | 4 6 7 |  7.1
Armour         | 4 |  4.4
Shields        | 3 5 |  5.0
Fighting       | |  2.4

Action                   |  1- 3 |  4- 6 |  7- 9 || total
-------------------------+-------+-------+-------++-------
Melee: Rapier            |    29 |       |    98 ||   127
       Short sword       |    83 |   378 |   147 ||   608
  Use: Scroll            |       |     5 |     5 ||    10
       Potion            |       |     2 |     2 ||     4
  Eat: Chunk             |     1 |     9 |     3 ||    13
       Fruit             |       |       |     1 ||     1
       Bread ration      |       |       |     1 ||     1
Armor: Scale mail        |    52 |    84 |       ||   136
       Ring mail         |       |    50 |    60 ||   110
Dodge: Dodged            |    34 |   121 |    92 ||   247
Block: Shield            |    36 |   123 |    80 ||   239

Table legend:
 A = Spawn XP
 B = Non-spawn XP
 C = Spawn XP percentage of total XP
 D = Spawn monster count
 E = Non-spawn monster count
 F = Spawn count percentage of total count
 G = Total turns spent on level
                    A         B        C        D         E        F      G
               +---------+---------+-------+---------+---------+-------+---------
         Total |       0 |    2086 |   0.0 |       0 |     112 |   0.0 |  6109
               +---------+---------+-------+---------+---------+-------+---------
           D:1 |       0 |      37 |   0.0 |       0 |      21 |   0.0 |   602
           D:2 |       0 |      62 |   0.0 |       0 |      14 |   0.0 |  1175
           D:3 |       0 |     171 |   0.0 |       0 |      35 |   0.0 |   867
           D:4 |       0 |     402 |   0.0 |       0 |      12 |   0.0 |  1280
           D:5 |       0 |     875 |   0.0 |       0 |      22 |   0.0 |  1595
           D:6 |       0 |     539 |   0.0 |       0 |       8 |   0.0 |   319
               +---------+---------+-------+---------+---------+-------+---------
